 Dungeon Crawl Stone Soup version 0.28.0-53-g5a82cb258f (webtiles) character file.

Game seed: 16502761046295908709

242 boopmooplesden the Covered (level 5, -1/47 HPs)
             Began as a Minotaur Fighter on July 20, 2022.
             Slain by an orc
             ... wielding a +0 club
              (2 damage)
             ... on level 3 of the Dungeon.
             The game lasted 00:02:18 (2638 turns).

boopmooplesden the Covered (Minotaur Fighter)       Turns: 2638, Time: 00:02:18

Health: -1/47      AC:  8    Str: 21    XL:     5   Next: 82%
Magic:  4/4        EV:  9    Int:  5    God:
Gold:   100        SH:  4    Dex: 11    Spells: 4/4 levels left

rFire   . . .      SeeInvis .   a - +0 long sword
rCold   . . .      Faith    .   c - +0 buckler
rNeg    . . .      Spirit   .   b - +0 scale mail
rPois   .          Reflect  .   (helmet restricted)
rElec   .          Harm     .   (no cloak)
rCorr   .          Rampage  .   (no gloves)
Will    .....                   h - +0 pair of boots
Stlth   ..........              (no amulet)
HPRegen 0.15/turn               (no ring)
MPRegen 0.09/turn               (no ring)

@: mighty
A: horns 2, retaliatory headbutt
a: no special abilities


You were on level 3 of the Dungeon.
You visited 1 branch of the dungeon, and saw 3 of its levels.

You collected 100 gold pieces.

Inventory:

Hand Weapons
 a - a +0 long sword (weapon)
Armour
 b - a +0 scale mail (worn)
 c - a +0 buckler (worn)
 h - a +0 pair of boots (worn)
 q - a +0 chain mail
Jewellery
 e - an amulet of magic regeneration
Wands
 i - a wand of digging (4)
Scrolls
 f - a scroll of blinking {unknown}
 g - a scroll of noise {unknown}
 k - a scroll of identify {unknown}
 l - 2 scrolls of enchant armour {unknown}
 o - a scroll of amnesia {unknown}
 p - 2 scrolls of brand weapon {unknown}
 r - a scroll of fog {unknown}
Potions
 j - 3 potions of heal wounds {unknown}
 m - a potion of haste {unknown}
 n - a potion of invisibility {unknown}


   Skills:
 + Level 4.7 Fighting
 + Level 4.7 Long Blades
 + Level 5.2 Armour
 + Level 1.3 Dodging
 + Level 0.3 Stealth
 + Level 4.2 Shields


You had 4 spell levels left.
You didn't know any spells.
Your spell library contained the following spells:

 Spells                   Type           Power      Damage    Failure   Level
 Animate Skeleton         Necr           0%         N/A       87%         1
 Apportation              Tloc           0%         N/A       87%         1
 Pain                     Necr           0%         1d4       87%         1
 Slow                     Hex            0%         N/A       87%         1
 Blink                    Tloc           0%         N/A       95%         2
 Gell's Gravitas          Tloc           0%         N/A       99%         3
 Lesser Beckoning         Tloc           0%         N/A       99%         3
 Teleport Other           Tloc           0%         N/A       99%         3
 Tukima's Dance           Hex            0%         N/A       99%         3
 Vampiric Draining        Necr           0%         2d6       99%         3
 Metabolic Englaciation   Hex/Ice        0%         N/A       100%        5


Dungeon Overview and Level Annotations

Branches:
Dungeon (3/15)

Altars:


Innate Abilities, Weirdness & Mutations

You have a pair of horns on your head.
You reflexively headbutt those who attack you in melee.


Message History

The orc priest shouts!
You feel very mighty all of a sudden.
The orc priest invokes the aid of Beogh against you.
Beogh smites you!
You hit the orc priest.
The orc priest is lightly wounded.
The orc priest looks braver for a moment.
The orc priest hits you but does no damage.
You hit the orc priest.
The orc priest is heavily wounded.
The orc priest looks encouraged for a moment.
The orc priest completely misses you. You furiously retaliate!
You headbutt the orc priest. You slash the orc priest!
You kill the orc priest!
The orc priest mumbles some strange prayers to Beogh against you.
Beogh smites you!
Your Armour skill increases to level 5!
You closely miss the orc. You headbutt the orc!
You kill the orc!
The orc priest mumbles some strange prayers to Beogh against you.
Beogh smites you!
* * * LOW HITPOINT WARNING * * *
You hit the orc priest.
The orc priest is moderately wounded.
The orc priest hits you but does no damage.
The orc priest mumbles some strange prayers to Beogh against you.
Beogh smites you!
* * * LOW HITPOINT WARNING * * *
You slash the orc priest!
You kill the orc priest!
The orc priest hits you but does no damage.
You closely miss the orc priest. You headbutt the orc priest!
The orc priest is heavily wounded.
The orc priest hits you with a +0 short sword.
* * * LOW HITPOINT WARNING * * *
You slice the orc priest!!
You kill the orc priest!
You closely miss the orc. The orc hits you with a +0 club.
You die...

##########.####.#.#
#.#......#####
#.#)##.......#
#.#......>.....
#######.#..#######.#.
#.............# #
#.#.###.#.###.# #.#.#
#.#.# #.# ##.#.# #.#.#
#@#
###....###.#.###o####o#
...........#........oo..
###...<#####........#...
###..# ##..........
#..######.##.##.##..
#............# .# :
#.###...........# #.#
#.#..........


You could see an orc.

Vanquished Creatures
  A hound (D:3)
  3 orc priests (D:3)
  An iguana (D:3)
  4 adders (D:2)
  A dart slug (D:3)
  3 orcs (D:3)
  6 ball pythons
  4 endoplasms
  3 giant cockroaches
  9 goblins
  6 hobgoblins
  3 quokkas
  3 bats
  5 frilled lizards
  4 kobolds
  4 rats
  A spectral goblin (D:1)
61 creatures vanquished.

Notes
Turn   | Place    | Note
-------+----------+-------------------------------------------
     0 | D:1      | boopmooplesden the Minotaur Fighter began the quest for the
                  | Orb.
     0 | D:1      | Reached XP level 1. HP: 19/19 MP: 0/0
   102 | D:1      | Found a faded altar of an unknown god.
   132 | D:1      | Reached skill level 4 in Armour
   215 | D:1      | Reached XP level 2. HP: 24/27 MP: 1/1
   841 | D:2      | Reached XP level 3. HP: 27/33 MP: 2/2
  1280 | D:2      | Reached XP level 4. HP: 11/41 MP: 3/3
  1952 | D:2      | Got the Incunabulum of Quantum Fascination
  2467 | D:3      | Reached skill level 1 in Dodging
  2467 | D:3      | Reached XP level 5. HP: 42/47 MP: 4/4
  2633 | D:3      | Reached skill level 5 in Armour
  2634 | D:3      | HP: 1/47 [orc priest/divine providence (8)]
  2638 | D:3      | Slain by an orc

Illustrated notes

Levels and vault maps discovered:
D:1:      saegor_arrival_simple_a, layout_basic,
          dreamdust_ecumenical_altar_drowned_temple
D:2:      layout_loops_corners
D:3:      layout_loops_ring

Skill      XL: |  1  2  3  4  5 |
---------------+----------------+-----
Armour         | 4 5 |  5.2
Fighting       | 4 |  4.7
Shields        | 4 |  4.2
Long Blades    | 3 4 |  4.7
Dodging        | 1 |  1.3
Stealth        | |  0.3

Action                   |  1- 3 |  4- 6 || total
-------------------------+-------+-------++-------
Melee: Long sword        |    90 |    64 ||   154
       Headbutt          |    12 |     7 ||    19
  Use: Potion            |       |     1 ||     1
Armor: Scale mail        |    40 |    28 ||    68
Dodge: Dodged            |    47 |    26 ||    73
Block: Buckler           |    24 |    16 ||    40
